 Dungeon Crawl Stone Soup version 0.29-a0-422-gafbd6decc1 (webtiles) character file.

Game seed: 11776702549423128588

2455 pokeman the Thaumaturge (level 9, -4/48 HPs)
             Began as a Deep Elf Hedge Wizard on May 17, 2022.
             Was a Believer of Vehumet.
             Slain by a five-headed hydra (12 damage)
             ... on level 7 of the Dungeon on May 18, 2022.
             The game lasted 00:20:42 (9708 turns).

pokeman the Thaumaturge (Deep Elf Hedge Wizard)     Turns: 9708, Time: 00:20:43

Health: -4/48      AC: 11    Str:  7    XL:     9   Next: 26%
Magic:  18/26      EV: 13    Int: 24    God:    Vehumet [**....]
Gold:   482        SH:  0    Dex: 14    Spells: 8/30 levels left

rFire   . . .      SeeInvis .   h - +0 short sword (drain)
rCold   . . .      Faith    .   (no shield)
rNeg    . . .      Spirit   .   z - +0 steam dragon scales
rPois   .          Reflect  .   m - +0 helmet
rElec   .          Harm     .   r - +1 cloak
rCorr   .          Rampage  .   a - +0 pair of gloves
Will    .....                   p - +1 pair of boots
Stlth   +++.......              (no amulet)
HPRegen 0.16/turn               (no ring)
MPRegen 0.20/turn               (no ring)

@: on blink cooldown, very slightly contaminated, studying Stealth
A: no striking features
a: Renounce Religion


You were on level 7 of the Dungeon.
You worshipped Vehumet.
Vehumet was pleased with you.
You visited 2 branches of the dungeon, and saw 8 of its levels.
You also visited: Ossuary.

You collected 482 gold pieces.

Inventory:

Hand Weapons
 h - a +0 short sword of draining (weapon)
 B - a +0 shortbow
Missiles
 t - 3 throwing nets
Armour
 a - a +0 pair of gloves (worn)
 b - a +2 robe of resistance
 m - a +0 helmet (worn)
 p - a +1 pair of boots (worn)
 r - a +1 cloak (worn)
 w - a +0 buckler
 z - +0 steam dragon scales (worn)
Jewellery
 E - a ring of resist corrosion
Wands
 y - a wand of iceblast (10)
 A - a wand of polymorph (9)
Scrolls
 f - a scroll of magic mapping
 j - 2 scrolls of immolation {unknown}
 k - 5 scrolls of enchant weapon {unknown}
 l - 10 scrolls of identify {unknown}
 o - a scroll of acquirement {unknown}
 s - 3 scrolls of noise {unknown}
 v - 2 scrolls of vulnerability {unknown}
 x - a scroll of enchant armour {unknown}
 D - a scroll of blinking {unknown}
 F - 4 scrolls of fear {unknown}
 I - a scroll of poison {unknown}
 K - a scroll of teleportation {unknown}
 L - a scroll of torment {unknown}
Potions
 c - 3 potions of flight {unknown}
 d - a potion of magic
 e - 10 potions of curing {unknown}
 g - 7 potions of heal wounds {unknown}
 n - 2 potions of resistance {unknown}
 q - 2 potions of lignification {unknown}
 u - a potion of attraction {unknown}
 C - a potion of invisibility {unknown}
 G - a potion of might {unknown}
 H - a potion of haste {unknown}
 J - 2 potions of degeneration {unknown}


   Skills:
 - Level 2.0 Fighting
 - Level 1.1 Armour
 - Level 3.4 Dodging
 + Level 5.9 Stealth
 + Level 2.9 Shields
 * Level 11.0 Spellcasting
 + Level 6.0 Conjurations
 - Level 1.1 Summonings
 - Level 1.1 Translocations
 + Level 5.0 Fire Magic
 - Level 1.1 Air Magic
 - Level 1.0 Poison Magic


You had 8 spell levels left.
You knew the following spells:

 Your Spells              Type           Power      Damage    Failure   Level
a - Magic Dart            Conj           100%       1d8       1%          1
b - Mephitic Cloud        Conj/Pois/Air  26%        N/A       4%          3
c - Call Imp              Summ           18%        N/A       4%          2
d - Blink                 Tloc           36%        N/A       4%          2
e - Conjure Flame         Conj/Fire      39%        6-21      1%          3
f - Foxfire               Conj/Fire      100%       2x1d9     1%          1
g - Flame Wave            Conj/Fire      39%        2d9       4%          4
h - Starburst             Conj/Fire      19%        6d7       58%         6

Your spell library contained the following spells:

 Spells                   Type           Power      Damage    Failure   Level
 Poisonous Vapours        Pois/Air       36%        N/A       4%          2
 Slow                     Hex            52%        N/A       4%          1
 Dazzling Flash           Conj/Hex       54%        N/A       4%          3
 Inner Flame              Hex/Fire       25%        N/A       4%          3
 Iskenderun's Mystic Bla  Conj/Tloc      30%        2d8       11%         4


Dungeon Overview and Level Annotations

Branches:
Dungeon (7/15)             Temple (1/1) D:6         Ossuary (visited)

Altars:
Ashenzari
Cheibriados
Dithmenos
Elyvilon
Gozag
Kikubaaqudgha
Makhleb
Nemelex Xobeh
Okawaru
Sif Muna
Uskayaw
Vehumet
Wu Jian
Xom
Zin
The Shining One

Shops:
D:4 (


Message History

Your white imp shudders.
Unknown command.
You swap places.
The kobold demonologist mumbles some strange words.
The five-headed hydra is engulfed in blazing flames.
The five-headed hydra bites your white imp! x2
Your white imp dies!
Your white imp disappears in a puff of smoke!
Unknown command.
The five-headed hydra is engulfed in blazing flames.
Casting: Call Imp (safe; 4% risk of failure)
Confirm with . or Enter, or press ? or * to list all spells.
You miscast Blink.
You are very lightly contaminated with residual magic.
Nothing appears to happen.
Unknown command.
Casting: Blink (safe; 4% risk of failure)
Confirm with . or Enter, or press ? or * to list all spells.
You blink.
The five-headed hydra barely misses you.
The five-headed hydra bites you!
The five-headed hydra bites you but does no damage. x2
The five-headed hydra bites you.
The white imp grinds its teeth.
As you read the scroll labelled KACHONL POBICK, it crumbles to dust.
You feel aware of your surroundings.
It was a scroll of magic mapping.
The kobold demonologist closely misses you.
The five-headed hydra bites you but does no damage.
The five-headed hydra bites you.
The five-headed hydra closely misses you.
The five-headed hydra bites you but does no damage. x2
As you read the scroll labelled JASUCW OMEAR, it crumbles to dust.
It is a scroll of amnesia.
Really abort (and waste the scroll)?
Okay, then.
The kobold demonologist closely misses you.
The five-headed hydra bites you! x2
* * * LOW HITPOINT WARNING * * *
The five-headed hydra bites you!
You die...

.[[........#..##............## #.
..)...####.#...##......5...#####.
..)..[...#.#....##...K....##.....
....)))#.#.#..#.#####'5#####.####
####.[..........# #..##........
#.......###..# #.###.##.####
#.......# #..#####.# #.##.####
#.#'#.#.# #.D##.5..###.##..[..
##'###.#.# ##>@K5....##...#####
#......#.# ####.##..####.# #
#....###.# #####.##.......# ###
#....# #.# #.....##.####### #..
##'#.# #.# #.###.....(..# ###
#.#.# #(# *,* #.######.# # #.#.#
#.# *,* #.# #.# # #.#.#
#.#######'# #.# # #.#.#
###.'.#.#.# #.# #


You could see a five-headed hydra, a kobold demonologist, a white imp (summoned)
and a shadow imp (summoned).

Vanquished Creatures
  Sigmund (D:3)
  A steam dragon (D:5)
  A water moccasin (D:5)
  An ice beast (D:4)
  An orc warrior (D:6)
  A sky beast (D:7)
  A centaur (D:6)
  An elf zombie (Ossuary)
  A scorpion (D:7)
  A gnoll sergeant (D:4)
  An elf skeleton (D:7)
  4 wights (D:7)
  2 howler monkeys
  2 centaur zombies (Ossuary)
  4 hounds
  2 human zombies
  2 jellies
  2 orc priests
  A gnoll shaman (D:6)
  Jessica (D:3)
  A human skeleton (D:7)
  3 iguanas
  3 orc wizards (D:7)
  3 ogre zombies (Ossuary)
  7 mummies (Ossuary)
  5 adders
  17 gnolls
  3 white imps
  An ufetubus (D:6)
  5 adder zombies (Ossuary)
  5 worms
  4 dart slugs
  22 orcs
  7 ball pythons
  8 endoplasms
  6 giant cockroaches
  7 goblins
  6 hobgoblins
  5 quokkas
  3 training dummies (D:4)
  3 bats
  4 frilled lizards
  6 goblin zombies (Ossuary)
  A hobgoblin zombie (Ossuary)
  7 kobolds
  5 kobold zombies (Ossuary)
  3 orc zombies (D:7)
  2 quokka zombies (Ossuary)
  4 rats
  4 rat zombies (Ossuary)
191 creatures vanquished.

Vanquished Creatures (collateral kills)
  An orc (D:3)
  A goblin (D:4)
2 creatures vanquished.

Vanquished Creatures (others)
  445 foxfires
  2 plants (D:5)
447 creatures vanquished.

Grand Total: 640 creatures vanquished

Notes
Turn   | Place    | Note
-------+----------+-------------------------------------------
     0 | D:1      | pokeman the Deep Elf Hedge Wizard began the quest for the
                  | Orb.
     0 | D:1      | Reached XP level 1. HP: 10/10 MP: 7/7
   267 | D:1      | Reached XP level 2. HP: 12/16 MP: 1/9
   770 | D:1      | Reached skill level 5 in Spellcasting
   943 | D:1      | Found a faded altar of an unknown god.
  1123 | D:1      | Reached XP level 3. HP: 20/20 MP: 6/11
  1127 | D:1      | Learned a level 3 spell: Mephitic Cloud
  1130 | D:1      | Learned a level 2 spell: Call Imp
  1133 | D:1      | Learned a level 2 spell: Blink
  1137 | D:1      | Learned a level 3 spell: Conjure Flame
  2112 | D:3      | Noticed Jessica
  2119 | D:3      | Killed Jessica
  2120 | D:3      | Reached skill level 1 in Fighting
  2120 | D:3      | Reached skill level 1 in Armour
  2120 | D:3      | Reached XP level 4. HP: 24/25 MP: 4/13
  2694 | D:3      | Reached skill level 1 in Fire Magic
  2708 | D:3      | Upgraded the game from 0.29-a0-416-g83a48905f1 to
                  | 0.29-a0-422-gafbd6decc1
  2833 | D:3      | Noticed Sigmund
  2866 | D:3      | Killed Sigmund
  2867 | D:3      | Reached skill level 6 in Spellcasting
  2867 | D:3      | Reached XP level 5. HP: 17/29 MP: 3/16
  2867 | D:3      | Reached XP level 6. HP: 19/34 MP: 3/17
  3731 | D:4      | Found Keax's Firing Range.
  3772 | D:4      | Reached skill level 7 in Spellcasting
  3934 | D:4      | Reached skill level 1 in Poison Magic
  4026 | D:4      | Reached skill level 1 in Air Magic
  4095 | D:4      | Noticed an ice beast
  4603 | D:4      | Reached XP level 7. HP: 37/38 MP: 7/20
  4736 | D:4      | Reached skill level 8 in Spellcasting
  5302 | D:5      | Entered Level 5 of the Dungeon
  5556 | D:5      | Learned a level 1 spell: Foxfire
  5561 | D:5      | Learned a level 4 spell: Flame Wave
  5790 | D:5      | Noticed a steam dragon
  5804 | D:5      | Killed a steam dragon
  6227 | D:5      | Reached skill level 1 in Shields
  6227 | D:5      | Reached skill level 9 in Spellcasting
  6227 | D:5      | Reached XP level 8. HP: 34/44 MP: 17/23
  7319 | D:6      | Reached skill level 5 in Conjurations
  7510 | D:6      | Learned a level 6 spell: Starburst
  7521 | D:6      | Found a staircase to the Ecumenical Temple.
  7532 | Temple   | Entered the Ecumenical Temple
  7538 | Temple   | Became a worshipper of Vehumet
  7949 | D:7      | Reached skill level 10 in Spellcasting
  8287 | D:7      | Found a sand-covered staircase.
  8299 | Ossuary  | Entered an ossuary
  8343 | Ossuary  | Reached * piety under Vehumet
  8343 | Ossuary  | Offered knowledge of Shock by Vehumet.
  8408 | Ossuary  | Reached XP level 9. HP: 47/48 MP: 20/25
  8540 | Ossuary  | Reached skill level 5 in Stealth
  8986 | Ossuary  | Reached ** piety under Vehumet
  8986 | Ossuary  | Offered knowledge of Poisonous Vapours by Vehumet.
  9548 | D:7      | Reached skill level 11 in Spellcasting
  9609 | D:7      | Reached skill level 5 in Fire Magic
  9676 | D:7      | Noticed a kobold demonologist
  9680 | D:7      | Noticed a five-headed hydra
  9708 | D:7      | Slain by a five-headed hydra

Illustrated notes

Levels and vault maps discovered:
D:1:      co_arrival_square_in_a_square_in_a_square, layout_basic,
          hellmonk_ecumenical_altar_pennies_from_heaven
D:2:      cheibrodos_helix_gallery, layout_loops_ring
D:3:      layout_basic, uniq_sigmund, uniq_jessica
D:4:      layout_loops_corners, gup_sewer_entry_spiral,
          nicolae_shop_firing_range
D:5:      layout_basic, serial_bayou, serial_bayou_lake_a,
          serial_bayou_crossing, serial_bayou_shore_b, serial_bayou_pond_a,
          minmay_manual_monstrance
D:6:      layout_loops_cross, temple_pool_b
D:7:      kennysheep_big_flooded_room, layout_basic,
          nicolae_ossuary_entry_catacombs, minivault_24
Temple:   dpeg_three_leaves_temple

Skill      XL: |  1  2  3  4  5  6  7  8  9 |
---------------+----------------------------+-----
Spellcasting   | 5 6 7 9 10 11 | 11.0
Fighting       | 1 2 |  2.0
Armour         | 1 |  1.1
Conjurations   | 2 3 4 5 6 |  6.0
Fire Magic     | 2 3 4 5 |  5.0
Dodging        | 3 |  3.4
Poison Magic   | 1 |  1.0
Air Magic      | 1 |  1.1
Stealth        | 3 4 5 |  5.9
Shields        | 1 2 |  2.9
Summonings     | |  1.1
Translocations | |  1.1

Action                   |  1- 3 |  4- 6 |  7- 9 || total
-------------------------+-------+-------+-------++-------
Melee: Short sword       |     7 |    81 |    83 ||   171
       Punch             |       |     1 |     2 ||     3
 Cast: Magic Dart        |    85 |    72 |    29 ||   186
       Mephitic Cloud    |       |    13 |    10 ||    23
       Conjure Flame     |       |     2 |    10 ||    12
       Call Imp          |       |     2 |     4 ||     6
       Foxfire           |       |       |   252 ||   252
       Blink             |       |       |     2 ||     2
  Use: Scroll            |       |       |     2 ||     2
 Stab: Sleeping          |     1 |       |     1 ||     2
       Confused          |       |     7 |     2 ||     9
Armor: Robe              |     2 |     5 |       ||     7
       Leather armour    |       |    12 |    20 ||    32
       Steam dragon scal |       |       |    66 ||    66
Dodge: Dodged            |     5 |    60 |   123 ||   188

Table legend: (Time is in decaauts)
 A = Elapsed time spent in this place.
 B = Non-inter-level travel time spent in this place.
 C = Inter-level travel time spent in this place.
 D = Time resting spent in this place.
 E = Time spent auto-exploring this place.
 F = Levels seen in this place.
 G = Mean time per level.
                   A        B        C        D        E       F      G
               +--------+--------+--------+--------+--------+-----+--------+
         Total |   9807 |   9583 |    224 |    519 |   6979 |   9 | 1089.7 |
       Dungeon |   8961 |   8742 |    219 |    519 |   6381 |   7 | 1280.1 |
        Temple |     12 |      7 |      5 |      0 |      0 |   1 |   12.0 |
       Ossuary |    832 |    832 |      0 |      0 |    598 |   1 |  832.0 |
               +--------+--------+--------+--------+--------+-----+--------+

Top non-repeatable levels by time:
     D:4: 1653 daAuts
     D:5: 1581 daAuts
     D:3: 1353 daAuts
     D:1: 1207 daAuts
     D:2: 1136 daAuts
     D:6: 1052 daAuts
     D:7: 975 daAuts
 Ossuary: 832 daAuts
  Temple: 12 daAuts
